Map: [ESL] Royal Blood

Players

NightMare - Winner!

  • Race: Protoss Protoss
  • Spawn Location: 1:00

herO

  • Race: Protoss Protoss
  • Spawn Location: 7:00

VOD

https://youtu.be/mMsam6d3GB8

Description

Time

  • Played on: July 6, 2023, 4:46 a.m.
  • Length: 9:43
Show
View Real Time Build Order
Export as new Build Order

NightMare Protoss - Winner!

Build Orders:  

Get SALT Encoding   

  12  0:00  Probe  
  13  0:12  Probe  
  14  0:17  Pylon  
  14  0:24  Probe (Chrono Boost)  
  15  0:36  Probe (Chrono Boost)  
  15  0:37  Gateway  
  16  0:44  Probe (Chrono Boost)  
  16  0:45  Assimilator  
  17  0:51  Probe  
  17  0:57  Assimilator  
  18  1:03  Probe  
  19  1:07  Gateway  
  19  1:15  Probe  
  20  1:24  Cybernetics Core  
  20  1:27  Probe  
  20  1:32  Pylon  
  21  1:39  Probe  
  22  1:52  Probe  
  23  1:56  Warp Gate (Chrono Boost)  
  23  2:01  Stalker x2  
  27  2:08  Gateway  
  27  2:31  Stalker x2  
  27  2:33  Pylon  
  31  2:55  Stalker  
  33  3:09  Nexus  
  33  3:24  Robotics Facility  
  33  3:34  Adept x3  
  39  3:43  Pylon  
  39  4:01  Probe  
  40  4:07  Stalker x3  
  42  4:21  Immortal (Chrono Boost)  
  44  4:31  Sentry x2  
  48  4:39  Pylon  
  48  4:48  Pylon  
  48  5:02  Immortal (Chrono Boost)  
  48  5:08  Shield Battery  
  48  5:10  Sentry  
  50  5:18  Adept  
  50  5:19  Shield Battery  
  52  5:32  Observer (Chrono Boost)  
  53  5:38  Stalker  
  53  5:39  Stalker  
  57  5:43  Pylon  
  57  5:48  Shield Battery  
  57  6:08  Stalker x2  
  57  6:23  Gateway  
  57  6:26  Warp Prism (Chrono Boost)  
  56  6:40  Stalker  
  56  6:43  Stalker  
  52  6:59  Immortal (Chrono Boost)  
  46  7:05  Stalker  
  48  7:08  Stalker  
  40  7:29  Stalker  
  42  7:33  Immortal (Chrono Boost)  
  46  7:43  Stalker  
  48  7:49  Probe x2  
  52  8:06  Immortal (Chrono Boost)  
  52  8:12  Probe x2  
  56  8:24  Probe x2  
  58  8:28  Stalker  
  57  8:40  Probe  
  56  8:49  Probe  
  56  8:52  Probe  
  58  9:01  Stalker x2  
  62  9:26  Probe x2  
  62  9:28  Assimilator  
  62  9:30  Pylon  
  64  9:31  Stalker x2  
Show
View Real Time Build Order
Export as new Build Order

herO Protoss 

Build Orders:  

Get SALT Encoding   

  12  0:00  Probe  
  13  0:12  Probe  
  14  0:16  Pylon  
  14  0:24  Probe (Chrono Boost)  
  15  0:36  Probe (Chrono Boost)  
  15  0:37  Gateway  
  16  0:44  Probe (Chrono Boost)  
  16  0:47  Assimilator  
  17  0:51  Probe  
  17  0:54  Assimilator  
  18  1:03  Probe (Chrono Boost)  
  19  1:07  Pylon  
  20  1:12  Probe (Chrono Boost)  
  20  1:17  Probe (Chrono Boost)  
  20  1:25  Cybernetics Core  
  21  1:29  Probe  
  21  1:31  Zealot  
  24  1:41  Probe  
  25  1:53  Probe  
  26  2:01  Warp Gate, Stalker (Chrono Boost)  
  26  2:05  Robotics Facility  
  28  2:24  Shield Battery, Sentry (Chrono Boost)  
  30  2:47  Gateway  
  30  2:49  Pylon  
  30  2:52  Observer (Chrono Boost)  
  30  2:55  Gateway  
  31  3:00  Shield Battery  
  31  3:10  Immortal (Chrono Boost)  
  31  3:12  Stalker  
  36  3:29  Pylon  
  36  3:47  Immortal (Chrono Boost)  
  40  3:51  Adept x2  
  40  3:54  Adept  
  46  3:59  Probe  
  45  4:22  Pylon  
  45  4:23  Warp Prism (Chrono Boost)  
  46  4:32  Probe, Pylon  
  47  4:43  Sentry x2  
  47  4:44  Sentry  
  53  4:49  Observer  
  49  5:01  Warp Prism (Chrono Boost)  
  47  5:08  Sentry  
  47  5:12  Adept x2  
  53  5:26  Observer  
  53  5:32  Adept  
  53  5:33  Adept x2  
  59  5:40  Pylon  
  59  6:10  Stalker x3  
  55  6:33  Stalker  
  55  6:34  Stalker x2  
  49  7:00  Stalker x3  
  49  7:04  Immortal (Chrono Boost)  
  35  7:23  Observer  
  35  7:30  Probe  
  35  7:35  Observer  
  36  7:38  Nexus, Observer x2  
  36  7:42  Sentry  
  39  7:45  Probe  
  40  7:57  Probe  
  41  8:02  Immortal (Chrono Boost)  
  45  8:09  Probe  
  46  8:21  Probe  
  46  8:23  Twilight Council  
  47  8:41  Stalker x2  
  41  8:51  Probe, Stalker  
  44  8:58  Probe  
  42  9:18  Zealot x2  
Tags
 
Add a new tag
Caveats
  • Supply blocks, unpowered buildings, or Contaminate may cause inaccurate times.
  • Supply counts are checked every 10 seconds.